Map: Hecate LE

Players

sKs

  • Race: Terran Terran
  • League: Diamond
  • Spawn Location: 1:00

demzi - Winner!

  • Race: Zerg Zerg
  • League: Platinum
  • Spawn Location: 7:00

VOD

Have the link to the VOD?

Description

Time

  • Played on: March 24, 2024, 10:13 a.m.
  • Length: 9:04
Show
View Real Time Build Order
Export as new Build Order

sKs Terran 

Build Orders: Reaper Expand 

Get SALT Encoding   

  12  0:00  SCV  
  13  0:12  SCV  
  14  0:17  Supply Depot  
  14  0:24  SCV  
  15  0:40  Barracks  
  15  0:41  Refinery  
  15  0:43  SCV  
  16  0:55  SCV  
  17  1:07  SCV  
  18  1:19  SCV  
  19  1:27  Reaper  
  19  1:28  Supply Depot  
  19  1:32  Orbital Command  
  20  1:56  Command Center  
  20  2:03  Factory  
  20  2:04  Marine  
  20  2:07  SCV  
  22  2:19  SCV  
  22  2:22  Marine  
  24  2:57  SCV  
  24  2:59  Barracks Tech Lab  
  23  3:06  Command Center  
  23  3:09  SCV  
  23  3:20  Marine  
  23  3:21  Factory Reactor, SCV  
  23  3:26  Combat Shield  
  25  3:32  Barracks  
  25  3:33  Barracks, SCV  
  26  3:36  Supply Depot  
  26  3:49  Marine  
  26  3:51  Refinery  
  27  4:01  SCV  
  28  4:06  Bunker  
  28  4:09  Orbital Command  
  28  4:13  SCV  
  28  4:16  Marine  
  30  4:21  Barracks Reactor, Barracks Tech Lab  
  30  4:25  SCV  
  31  4:31  Widow Mine  
  31  4:34  Widow Mine  
  31  4:37  Supply Depot  
  35  4:39  Starport  
  35  4:43  SCV  
  35  4:44  SCV  
  38  4:46  Orbital Command  
  37  4:55  SCV, Marine x2  
  37  4:56  SCV  
  37  4:57  Marine  
  37  4:58  Marine  
  43  5:01  Stimpack  
  43  5:03  Concussive Shells  
  43  5:13  Marine x2  
  45  5:16  Supply Depot  
  45  5:17  SCV x3  
  48  5:25  Starport Reactor  
  48  5:26  Barracks  
  48  5:28  Marine x2  
  48  5:29  SCV x3  
  48  5:31  Marine  
  48  5:32  Hellion  
  48  5:35  Hellion  
  58  5:39  Supply Depot  
  58  5:41  SCV x3  
  61  5:47  Engineering Bay  
  61  5:49  Engineering Bay  
  61  5:53  SCV x3  
  64  6:02  Medivac x2  
  68  6:05  SCV x3  
  71  6:12  Supply Depot  
  71  6:14  Widow Mine x2  
  71  6:15  Barracks Reactor  
  71  6:16  Marine x4  
  79  6:27  Refinery  
  79  6:28  Terran Infantry Weapons Level 1, Refinery  
  79  6:34  Marine x2  
  79  6:35  Supply Depot  
  81  6:48  Marine x2  
  81  6:50  Widow Mine x2  
  81  6:51  Marine  
  81  6:52  Orbital Command, Marine  
  81  6:53  SCV  
  81  6:54  SCV  
  91  7:02  Barracks  
  91  7:03  Terran Infantry Armor Level 1  
  91  7:05  Marine  
  91  7:06  Marine, SCV x2  
  89  7:18  SCV  
  89  7:22  Marine x4  
  81  7:23  Marine x2  
  81  7:25  Widow Mine x2  
  86  7:40  Marine x4  
  86  7:41  Marine x2  
  85  7:48  Orbital Command  
  78  7:55  Barracks Tech Lab  
  78  7:57  Marine  
  78  7:58  Factory, Marine x3  
  81  7:59  Supply Depot  
  81  8:00  Marine x2  
  81  8:02  Widow Mine  
  81  8:03  Widow Mine  
  81  8:04  Medivac x2  
  92  8:15  Marine x2  
  92  8:16  Marine x2  
  92  8:18  Marine  
  63  8:35  Marine x5  
  63  8:36  Marine  
  53  8:51  Factory Tech Lab  
Show
View Real Time Build Order
Export as new Build Order

demzi Zerg - Winner!

Build Orders: Hatch First 

Get SALT Encoding   

  12  0:00  Drone  
  13  0:12  Overlord  
  13  0:16  Drone  
  14  0:31  Drone x2  
  16  0:50  Hatchery  
  16  0:53  Drone  
  16  0:57  Drone  
  16  1:00  Drone  
  18  1:14  Spawning Pool  
  17  1:18  Extractor  
  17  1:19  Drone  
  17  1:22  Drone  
  18  1:28  Drone  
  19  1:39  Drone  
  20  1:50  Overlord  
  20  2:02  Queen x2  
  20  2:03  Zergling x4  
  26  2:12  Drone  
  26  2:13  Overlord  
  26  2:39  Hatchery  
  26  2:44  Drone x3  
  26  2:47  Drone  
  26  2:49  Drone  
  29  3:06  Drone x3  
  29  3:07  Drone  
  32  3:23  Drone x2  
  32  3:24  Drone x5  
  39  3:29  Lair  
  39  3:34  Queen  
  39  3:38  Overlord  
  41  3:43  Overlord  
  41  3:48  Drone x2, Extractor  
  42  3:49  Extractor  
  41  4:06  Queen  
  41  4:07  Zergling x2  
  41  4:08  Zergling x14  
  51  4:14  Queen  
  53  4:21  Overlord x2  
  53  4:22  Drone  
  53  4:23  Drone  
  55  4:24  Drone  
  55  4:30  Drone x4  
  60  4:38  Baneling Nest  
  59  4:41  Hydralisk Den  
  59  4:42  Evolution Chamber  
  59  4:44  Evolution Chamber  
  56  4:51  Queen  
  56  4:54  Drone x3  
  56  4:55  Drone  
  56  4:58  Drone x2  
  62  5:05  Metabolic Boost  
  62  5:07  Drone x2  
  62  5:09  Drone  
  62  5:10  Drone x2  
  62  5:11  Drone  
  62  5:13  Drone  
  69  5:14  Drone  
  69  5:15  Drone  
  71  5:23  Drone x5  
  71  5:26  Overlord  
  76  5:35  Zerg Missile Weapons Level 1  
  76  5:39  Drone x5  
  81  5:43  Extractor, Overlord x2  
  81  5:44  Overlord  
  81  5:45  Extractor  
  79  5:54  Zerg Ground Armor Level 1  
  79  5:58  Overlord x3  
  79  5:59  Overlord  
  79  6:00  Muscular Augments  
  79  6:05  Drone  
  79  6:06  Drone x3  
  83  6:19  Zergling x2  
  83  6:20  Hydralisk x3, Hatchery  
  83  6:23  Zergling x2  
  83  6:24  Zergling x8  
  94  6:32  Overlord  
  94  6:37  Baneling x4  
  94  6:38  Hydralisk, Baneling x3  
  94  6:39  Hydralisk  
  97  6:48  Overseer  
  97  6:52  Zergling x4  
  97  6:53  Zergling x10  
  104  7:04  Hydralisk x5, Overlord x2  
  104  7:05  Hydralisk  
  107  7:15  Centrifugal Hooks  
  102  7:28  Grooved Spines  
  102  7:29  Hydralisk x3  
  108  7:42  Queen  
  106  7:46  Hydralisk  
  106  7:47  Hydralisk x3  
  106  7:48  Zergling x8  
  106  7:49  Zergling x14  
  125  8:04  Drone x4  
  125  8:05  Drone x7  
  135  8:06  Drone  
  126  8:25  Zergling x12  
  119  8:35  Zergling x2  
  119  8:36  Zergling x20  
Tags
 
Add a new tag
Caveats
  • Supply blocks, unpowered buildings, or Contaminate may cause inaccurate times.
  • Supply counts are checked every 10 seconds.